 Dungeon Crawl Stone Soup version 0.29-a0-791-ga0f254aafb (webtiles) character file.

Game seed: 9373360194576013418

269 Malachi the Shooter (level 6, 0/44 HPs)
             Began as a Demonspawn Hunter on July 3, 2022.
             Slain by Duvessa
             ... wielding a +0 short sword
              (5 damage)
             ... on level 4 of the Dungeon.
             The game lasted 00:03:40 (3147 turns).

Malachi the Shooter (Demonspawn Hunter)             Turns: 3147, Time: 00:03:40

Health: 0/44       AC:  3    Str: 12    XL:     6   Next: 1%
Magic:  6/6        EV: 14    Int: 10    God:
Gold:   212        SH:  0    Dex: 18    Spells: 5/5 levels left

rFire   . . .      SeeInvis .   a - +0 shortbow
rCold   . . .      Faith    .   (shield currently unavailable)
rNeg    . . .      Spirit   .   (no body armour)
rPois   .          Reflect  .   (helmet restricted)
rElec   .          Harm     .   g - +2 cloak
rCorr   .          Rampage  .   (no gloves)
Will    .....                   (no boots)
Stlth   ++........              (no amulet)
HPRegen 0.14/turn               (no ring)
MPRegen 0.10/turn               (no ring)

@: on berserk cooldown
A: horns 1, repulsion field 1, ignite blood 1
a: no special abilities


You were on level 4 of the Dungeon.
You visited 1 branch of the dungeon, and saw 4 of its levels.

You collected 212 gold pieces.

Inventory:

Hand Weapons
 a - a +0 shortbow (weapon)
Missiles
 n - 6 curare-tipped darts
Armour
 c - a +0 leather armour
 g - a +2 cloak (worn)
Jewellery
 f - a ring of ice
Scrolls
 b - a scroll of immolation
 d - 2 scrolls of summoning {unknown}
 e - 5 scrolls of identify {unknown}
 h - a scroll of magic mapping {unknown}
 i - a scroll of poison {unknown}
 k - a scroll of enchant weapon {unknown}
 m - a scroll of fear {unknown}
 o - 2 scrolls of teleportation {unknown}
 q - 2 scrolls of blinking {unknown}
 r - a scroll of fog {unknown}
 t - a scroll of noise {unknown}
Potions
 p - 3 potions of curing


   Skills:
 - Level 2.0 Fighting
 * Level 6.6 Ranged Weapons
 - Level 1.7 Dodging
 - Level 0.8 Stealth


You had 5 spell levels left.
You didn't know any spells.
Your spell library contained the following spells:

 Spells                   Type           Power      Damage    Failure   Level
 Sandblast                Erth           0%         2d4       36%         1
 Passwall                 Tmut/Erth      0%         N/A       50%         2
 Call Canine Familiar     Summ           0%         N/A       75%         3
 Portal Projectile        Hex/Tloc       0%         N/A       75%         3
 Stone Arrow              Conj/Erth      0%         3d7       75%         3
 Leda's Liquefaction      Hex/Erth       0%         N/A       98%         4


Dungeon Overview and Level Annotations

Branches:
Dungeon (4/15)
 Temple: D:4-7

Altars:

Shops:
D:2 [**

Annotations:
D:4 Dowan, Duvessa


Innate Abilities, Weirdness & Mutations

You have a pair of small horns on your head.
You are surrounded by a mild repulsion field. (EV +2)
Your demonic aura sometimes causes spilled blood to erupt in flames.


Message History

Dowan mumbles some strange words.
Dowan blinks!
Duvessa hits you with a +0 short sword.
You aren't carrying any items that you can evoke.
Fire: a) +0 shortbow
Press: ? - help, Shift-Dir - straight line, f/p - Duvessa
Aim: Duvessa, wielding a +0 short sword and wearing a +0 ring mail (severely wounded, fast) Fire: a) +0 shortbow
Press: ? - help, Shift-Dir - straight line, f/p - Duvessa
Aim: Duvessa, wielding a +0 short sword and wearing a +0 ring mail (severely wounded, fast)
Okay, then.
It was a potion of brilliance.
You feel clever all of a sudden. Duvessa hits you with a +0 short sword.
It was a potion of berserk rage.
A red film seems to cover your vision as you go berserk!
You feel yourself moving faster!
You feel mighty!
Duvessa hits you with a +0 short sword! x2
Okay, then.
You are too berserk!
Unknown command.
You feel a strong urge to attack something.
You feel your anger nearly subside. Duvessa attacks as you move away!
Duvessa misses you.
You are no longer berserk.
You are exhausted.
You feel yourself slow down. Duvessa attacks as you move away!
Duvessa hits you with a +0 short sword. Duvessa hits you with a +0 short sword!
* * * LOW HITPOINT WARNING * * *
It was a potion of curing.
You feel better. Duvessa hits you with a +0 short sword.
* * * LOW HITPOINT WARNING * * *
Duvessa hits you with a +0 short sword.
* * * LOW HITPOINT WARNING * * *
It was a potion of cancellation.
Your magical effects are unravelling.
You feel magically purged.
You feel yourself speed up.
You feel a little less clever now. Duvessa misses you.
Duvessa hits you with a +0 short sword.
You die...

.........#
.........#
#..#####.# #e# #.#
#.# # #.#
###.######e#
#........@.# ##
#.#.#.....#### .#
#.#.#####.# .#
.......##.###### .#
#.#............# .#
#.#..#.....##.## .#
#.#..#...[..#.#
.#####.#..÷÷.....#.#
.+...#.##÷#.###..#.#


You could see Duvessa (fast) and Dowan.

Vanquished Creatures
  An ogre (D:3)
  An iguana (D:4)
  7 adders
  A worm (D:2)
  13 orcs
  2 endoplasms
  6 goblins
  5 hobgoblins (D:2)
  14 jackals
  6 kobolds
  2 quokkas
  8 ball pythons
  5 bats
  3 frilled lizards
  4 rats (D:3)
78 creatures vanquished.

Notes
Turn   | Place    | Note
-------+----------+-------------------------------------------
     0 | D:1      | Malachi the Demonspawn Hunter began the quest for the Orb.
     0 | D:1      | Reached XP level 1. HP: 16/16 MP: 1/1
   274 | D:1      | Reached skill level 4 in Ranged Weapons
   289 | D:1      | Found a faded altar of an unknown god.
   367 | D:1      | Gained mutation: Your demonic aura sometimes causes spilled
                  | blood to erupt in flames. [demonic ancestry]
   367 | D:1      | Reached XP level 2. HP: 22/22 MP: 2/2
   871 | D:2      | Found Ruug's General Store.
  1099 | D:2      | Reached XP level 3. HP: 27/27 MP: 3/3
  1162 | D:2      | Found Onnojiez's General Store.
  1301 | D:2      | Found Etidonati's Armour Shop.
  1374 | D:2      | Reached skill level 5 in Ranged Weapons
  1414 | D:2      | Gained mutation: You have a pair of small horns on your
                  | head. [demonic ancestry]
  1414 | D:2      | Reached XP level 4. HP: 32/33 MP: 4/4
  2054 | D:3      | Noticed an ogre
  2058 | D:3      | Killed an ogre
  2059 | D:3      | Reached skill level 6 in Ranged Weapons
  2059 | D:3      | Reached XP level 5. HP: 38/38 MP: 5/5
  2972 | D:4      | Gained mutation: You are surrounded by a mild repulsion
                  | field. (EV +2) [demonic ancestry]
  2972 | D:4      | Reached XP level 6. HP: 44/44 MP: 6/6
  3129 | D:4      | Noticed Duvessa
  3131 | D:4      | Noticed Dowan
  3147 | D:4      | Slain by Duvessa

Illustrated notes

Levels and vault maps discovered:
D:1:      dpeg_arrival_brainrot, layout_rooms, serial_forest,
          infiniplex_forest_clump_tiny, infiniplex_forest_lined_corner,
          infiniplex_forest_straight_3, infiniplex_forest_lined_3,
          infiniplex_forest_diagonal, infiniplex_forest_corner_1,
          infiniplex_forest_zigzag_1, shapermc_ecumenical_altar_ellora
D:2:      layout_basic, serial_shops, nicolae_square_shop, shop_statue, shop
D:3:      layout_loops_ring, saegor_snake_ambush
D:4:      minmay_inner_zag, layout_basic, chequers_garden,
          kennysheep_generic_room_7, uniq_duvessa

Skill      XL: |  1  2  3  4 |
---------------+-------------+-----
Ranged Weapons | 4 5 6 |  6.6
Fighting       | |  2.0
Dodging        | |  1.7
Stealth        | |  0.8

Action                   |  1- 3 |  4- 6 || total
-------------------------+-------+-------++-------
 Fire: Shortbow          |    83 |   152 ||   235
  Use: Potion            |     1 |     4 ||     5
Armor: Skin              |     6 |    37 ||    43
Dodge: Dodged            |    34 |   107 ||   141

Table legend: (Time is in decaauts)
 A = Elapsed time spent in this place.
 B = Non-inter-level travel time spent in this place.
 C = Inter-level travel time spent in this place.
 D = Time resting spent in this place.
 E = Time spent auto-exploring this place.
 F = Levels seen in this place.
 G = Mean time per level.
                   A        B        C        D        E       F      G
               +--------+--------+--------+--------+--------+-----+--------+
         Total |   3224 |   3102 |    122 |      0 |   2627 |   4 |  806.0 |
       Dungeon |   3224 |   3102 |    122 |      0 |   2627 |   4 |  806.0 |
               +--------+--------+--------+--------+--------+-----+--------+

Top non-repeatable levels by time:
     D:2: 958 daAuts
     D:3: 921 daAuts
     D:1: 748 daAuts
     D:4: 595 daAuts
